 Dungeon Crawl Stone Soup version 0.31-a0-844-gdc52ec4e09 (webtiles) character file.

Game seed: 13621584122837493045

17 Bravepunisher the Ducker (level 2, 0/16 HPs)
             Began as a Spriggan Monk on Sept 30, 2023.
             Slain by a killer bee (2 damage)
             ... on level 6 of the Dungeon.
             The game lasted 00:02:59 (864 turns).

Bravepunisher the Ducker (Spriggan Monk)             Turns: 864, Time: 00:02:59

Health: 0/16       AC:  2    Str:  7    XL:     2   Next: 44%
Magic:  3/3        EV: 19    Int: 11    God:
Gold:   72         SH:  0    Dex: 17    Spells: 1/1 levels left

rFire   . . .        a - +0 short sword
rCold   . . .        (no shield)
rNeg    . . .        b - +0 robe
rPois   .            (helmet restricted)
rElec   .            (no cloak)
rCorr   .            (gloves unavailable)
SInv    +            (boots unavailable)
Will    .....        (no amulet)
Stlth   ++           (no ring)
HPRegen 0.22/turn    (no ring)
MPRegen 0.08/turn

%: no passive effects
@: very quick
A: very small, no large weapons, unfitting armour, see invisible, speed 3
a: no special abilities


You were on level 6 of the Dungeon.
You visited 1 branch of the dungeon, and saw 6 of its levels.

You collected 72 gold pieces.

Inventory:

Hand Weapons
 a - a +0 short sword (weapon)
Armour
 b - a +0 robe (worn)
Wands
 e - a wand of flame (17)
Scrolls
 d - 2 scrolls of amnesia {unknown}
 g - a scroll of identify {unknown}
 i - a scroll of acquirement {unknown}


   Skills:
 * Level 3.0 Fighting
 - Level 3.2 Short Blades
 + Level 4.4 Dodging


You had one spell level left.
You didn't know any spells.
Your spell library was empty.

Dungeon Overview and Level Annotations

Branches:
Dungeon (6/15)
 Temple: D:4-7

Altars:

Annotations:
D:6 Blork the orc, Sigmund


Innate Abilities, Weirdness & Mutations

You are very small and have problems with some larger weapons.
You are too small for most types of armour.
You have supernaturally acute eyesight. (SInv)
You cover ground extremely quickly. (Speed+++)


Message History

Found a stone staircase leading down.
Found 5 darts of dispersal.
Found 3 stones.
The sentinel's mark upon you fades away.
There is a stone staircase leading down here.
You fly downwards.
Level annotation: Sigmund
There is a stone staircase leading up here.
HP restored.
You are starting to lose your buoyancy.
You feel a little less clever now.
You float gracefully downwards.
Your enlightenment fades.
A killer bee comes into view.
An orc priest and 3 orcs come into view.
The orc priest shouts!
The orc shouts!
You hear an angry buzzing noise.
A killer bee comes into view.
An orc comes into view. It is wielding a +0 flail.
Blork the orc and a killer bee come into view.
Found 8 stones.
The killer bee buzzes angrily. x2; The orc shouts!
Blork the orc shouts!
The orc shouts!
The killer bee misses you. The killer bee misses you.
The killer bee stings you!
Ouch! That really hurt!
Blork the orc gestures at you while chanting.
The magic dart hits you.
Found 2 emerald potions.
The killer bee stings you but does no damage.
The killer bee misses you. The killer bee barely misses you.
The killer bee attacks as it pursues you!
The killer bee closely misses you. The killer bee misses you.
The killer bee attacks as it pursues you!
The killer bee stings you.
* * * LOW HITPOINT WARNING * * *
Found a stone staircase leading down.
The killer bee attacks as it pursues you!
The killer bee stings you.
You die...

.....>.... #.........
#......... #.........
#......... #.........
####.........
#...y@..!....
#....y.......
######..y.........
#....o...o...####+
#.....o..o...#
#(.....o.o...#
#............#
#####........+
#........#############


You could see Blork the orc, 3 killer bees, an orc priest and 4 orcs.

Vanquished Creatures
  An adder (D:5)
  A ball python (D:2)
  An endoplasm (D:4)
  A goblin (D:4)
  2 hobgoblins
  A quokka (D:2)
7 creatures vanquished.

Notes
Turn   | Place    | Note
-------+----------+-------------------------------------------
     0 | D:1      | Bravepunisher the Spriggan Monk began the quest for the
                  | Orb.
     0 | D:1      | Reached XP level 1. HP: 11/11 MP: 2/2
   309 | D:4      | Reached XP level 2. HP: 13/16 MP: 3/3
   489 | D:5      | Entered Level 5 of the Dungeon
   572 | D:6      | Noticed Sigmund
   853 | D:6      | Noticed a killer bee
   855 | D:6      | Noticed a killer bee
   857 | D:6      | Noticed Blork the orc
   857 | D:6      | Noticed a killer bee
   864 | D:6      | Slain by a killer bee

Illustrated notes

Levels and vault maps discovered:
D:1:      dpeg_arrival_windows_large_door, layout_loops_corners
D:2:      layout_loops_corners
D:3:      kennysheep_big_flooded_room, layout_basic,
          mainiacjoe_overflow_alcove_3, shapermc_ecumenical_altar_totnotflames
D:4:      layout_rooms, nrook_campfire
D:5:      layout_cave_pods, nicolae_wu_jian_glorious_leap,
          minmay_temple_entry_proselytizer
D:6:      layout_basic, grunt_gozag_breadcrumbs, uniq_blork_the_orc,
          uniq_sigmund, uniq_jeremiah

Skill      XL: |  1  2 |
---------------+-------+-----
Fighting       | 3 |  3.0
Short Blades   | |  3.2
Dodging        | |  4.4

Action                     || total
---------------------------++-------
  Melee: Short sword       ||    51
    Use: Potion            ||     3
 Armour: Robe              ||    22
  Dodge: Dodged            ||    62

Table legend: (Time is in decaauts)
 A = Elapsed time spent in this place.
 B = Non-inter-level travel time spent in this place.
 C = Inter-level travel time spent in this place.
 D = Time resting spent in this place.
 E = Time spent auto-exploring this place.
 F = Levels seen in this place.
 G = Mean time per level.
                   A        B        C        D        E       F      G
               +--------+--------+--------+--------+--------+-----+--------+
         Total |    583 |    583 |      0 |      0 |    314 |   6 |   97.2 |
       Dungeon |    583 |    583 |      0 |      0 |    314 |   6 |   97.2 |
               +--------+--------+--------+--------+--------+-----+--------+

Top non-repeatable levels by time:
     D:4: 175 daAuts
     D:2: 165 daAuts
     D:5: 117 daAuts
     D:6: 86 daAuts
     D:3: 27 daAuts
     D:1: 11 daAuts
